[Event "Titled Tuesday Blitz May 30 Early 2023"]
[White "Sahib Singh"]
[Black "Bilan, Danila"]
[WhiteFideId "25618342"]
[BlackFideId "24161918"]
[WhiteElo "1934"]
[BlackElo "2182"]
[Result "1-0"]
[Round "07"]
[TimeControl "180+2"]
[Date "2023.05.30"]
[WhiteClock "0:02:05"]
[BlackClock "0:00:03"]

1. e4 c6 2. d4 d5 3. Nc3 dxe4 4. Nxe4 Nf6 5. Nxf6+ exf6 6. Be2 Bd6 7. Bf3 Na6 8. Ne2 Nc7 9. O-O Bf5 10. c4 O-O 11. Be3 Re8 12. Nc3 Ne6 13. c5 Bf4 14. b4 a6 15. d5 Bxe3 16. fxe3 Ng5 17. dxc6 bxc6 18. Bxc6 Qe7 19. Nd5 Qe5 20. Bxa8 Be4 21. Bc6 Rc8 22. Bd7 Rd8 23. Nf4 Bc6 24. Bxc6 Rxd1 25. Raxd1 Qxe3+ 26. Kh1 h5 27. Bb7 h4 28. c6 h3 29. c7 hxg2+ 30. Nxg2 1-0


[Site "https://www.chess.com"]

[Event "Titled Tuesday Blitz May 30 Early 2023"]
[White "Weishaeutel, Moritz"]
[Black "Girsh, Daniel"]
[WhiteFideId "12967300"]
[BlackFideId "30949190"]
[WhiteElo "2301"]
[BlackElo "2075"]
[Result "0-1"]
[Round "07"]
[TimeControl "180+2"]
[Date "2023.05.30"]
[WhiteClock "0:00:01"]
[BlackClock "0:00:28"]

1. e4 c6 2. Nc3 d5 3. Nf3 dxe4 4. Nxe4 Nf6 5. Qe2 Nxe4 6. Qxe4 Nd7 7. Bc4 Nf6 8. Ne5 e6 9. Qe2 Bd6 10. O-O O-O 11. d4 Nd5 12. c3 f6 13. Nf3 Bd7 14. Bd3 Qe8 15. c4 Nb4 16. Bb1 c5 17. Be3 cxd4 18. Nxd4 Nc6 19. Nb5 Bb8 20. Bc5 a6 21. Bxf8 Qxf8 22. Qd3 Ne5 23. Qxh7+ Kf7 24. Qh5+ Ke7 25. Nd4 Nxc4 26. Re1 Ba7 27. Qg4 Ne5 28. Qe4 Qc8 29. Bd3 Qc5 30. Nf3 Qxf2+ 31. Kh1 Bc6 32. Qe2 Nxf3 33. Qxf2 Bxf2 34. Rf1 Ne5 35. Rxf2 Nxd3 36. Rd2 Ne5 37. Rad1 Bd5 38. b3 Rc8 39. Re1 Rc3 40. Kg1 b5 41. Red1 Kd6 42. Re1 a5 43. h3 a4 44. bxa4 bxa4 45. Re4 Rc4 46. Re3 Rc1+ 47. Kh2 Nc4 48. Rd1 Rxd1 0-1


[Site "https://www.chess.com"]

[Event "Titled Tuesday Blitz May 30 Early 2023"]
[White "Uzcategui Rodriguez, Alejandro"]
[Black "Levitskiy, Andrey"]
[WhiteFideId "3903400"]
[BlackFideId "14132885"]
[WhiteElo "2252"]
[BlackElo "2347"]
[Result "1-0"]
[Round "07"]
[TimeControl "180+2"]
[Date "2023.05.30"]
[WhiteClock "0:01:35"]
[BlackClock "0:00:03"]

1. d4 Nf6 2. Nf3 d5 3. c3 e6 4. Bg5 c5 5. e3 Nc6 6. Nbd2 h6 7. Bh4 Be7 8. Bd3 O-O 9. O-O cxd4 10. exd4 Rb8 11. Qe2 a6 12. Ne5 Nxe5 13. dxe5 Nd7 14. Bxe7 Qxe7 15. f4 b5 16. Qh5 Bb7 17. Nf3 Nc5 18. Bc2 Ne4 19. Nd4 b4 20. Rae1 Rbc8 21. Bxe4 dxe4 22. f5 exf5 23. Nxf5 Qe6 24. Re3 Kh7 25. Rg3 Rg8 26. Nxg7 Rxg7 27. Rf6 Qxf6 28. exf6 Rg6 29. Rxg6 fxg6 30. Qe5 Kg8 31. Qe7 1-0


[Site "https://www.chess.com"]

[Event "Titled Tuesday Blitz May 30 Early 2023"]
[White "Jeet, Jain"]
[Black "Schuh, Karsten"]
[WhiteFideId "5073022"]
[BlackFideId "4637950"]
[WhiteElo "2067"]
[BlackElo "2138"]
[Result "1-0"]
[Round "07"]
[TimeControl "180+2"]
[Date "2023.05.30"]
[WhiteClock "0:00:43"]
[BlackClock "0:00:04"]

1. d4 f5 2. Bg5 g6 3. Nc3 Bg7 4. e4 fxe4 5. Nxe4 d5 6. Ng3 Nc6 7. Nf3 Bg4 8. c3 Nf6 9. Be2 O-O 10. O-O Qd7 11. Ne5 Nxe5 12. dxe5 Bxe2 13. Qxe2 Ne8 14. Rad1 c6 15. h4 Nc7 16. h5 Ne6 17. Bc1 Nf4 18. Bxf4 Rxf4 19. hxg6 hxg6 20. Qd3 Qe6 21. Ne2 Rh4 22. f4 Rf8 23. g3 Rh5 24. Qf3 Bxe5 25. Rde1 Qh3 26. Qg2 Bd6 27. Nd4 Qxg2+ 28. Kxg2 Kf7 29. f5 gxf5 30. Nxf5 Kg8 31. Nxe7+ Bxe7 32. Rxe7 Rxf1 33. Kxf1 Rf5+ 34. Kg2 Rf7 35. Rxf7 Kxf7 36. Kf3 Kf6 37. Kf4 c5 38. g4 b6 39. a4 a6 40. b3 b5 41. a5 d4 42. cxd4 c4 43. bxc4 b4 44. Ke3 b3 45. Kd2 b2 46. Kc2 1-0


[Site "https://www.chess.com"]

[Event "Titled Tuesday Blitz May 30 Early 2023"]
[White "Mogirzan, Matei-Valeriu"]
[Black "Goryachkina, Aleksandra"]
[WhiteFideId "1257455"]
[BlackFideId "4147103"]
[WhiteElo "1733"]
[BlackElo "2471"]
[Result "0-1"]
[Round "07"]
[TimeControl "180+2"]
[Date "2023.05.30"]
[WhiteClock "0:00:00"]
[BlackClock "0:00:17"]

1. e4 c6 2. d4 d5 3. Nc3 dxe4 4. Nxe4 Nd7 5. Ng5 Ngf6 6. Bd3 c5 7. c3 cxd4 8. cxd4 e6 9. N1f3 Bb4+ 10. Bd2 Qa5 11. Ne4 Nxe4 12. Bxe4 Bxd2+ 13. Nxd2 Nf6 14. O-O O-O 15. Nb3 Qb6 16. Bf3 Rd8 17. Rc1 Bd7 18. Rc5 Ba4 19. Qe2 h6 20. Rfc1 Bxb3 21. Rb5 Qxd4 22. Rxb3 Rac8 23. Re1 b6 24. h3 Rc5 25. Rd1 Qxd1+ 26. Qxd1 Rxd1+ 27. Bxd1 Rc1 28. Rd3 Nd5 29. g3 Kf8 30. Kg2 Ke7 31. Bb3 Nf6 32. Rd4 Nd7 33. Ra4 a5 34. Rd4 Nc5 35. Bc4 e5 36. Rh4 g5 37. Rxh6 Rxc4 38. Rxb6 Rb4 39. Rc6 Nd3 40. b3 a4 41. bxa4 Rxa4 42. Rc3 e4 43. h4 g4 44. h5 Kf6 45. Rc6+ Kg7 0-1


[Site "https://www.chess.com"]

[Event "Titled Tuesday Blitz May 30 Early 2023"]
[White "Souleidis, Georgios"]
[Black "Topalov, Aleksandar"]
[WhiteFideId "4206827"]
[BlackFideId "925659"]
[WhiteElo "2401"]
[BlackElo "2151"]
[Result "0-1"]
[Round "07"]
[TimeControl "180+2"]
[Date "2023.05.30"]
[WhiteClock "0:00:00"]
[BlackClock "0:00:20"]

1. e4 e6 2. d4 d5 3. Nc3 Bb4 4. Ne2 Nf6 5. e5 Ng8 6. a3 Be7 7. f4 g6 8. Be3 h5 9. g3 b6 10. Bg2 Ba6 11. O-O Nh6 12. Kh1 Nf5 13. Bf2 c5 14. Re1 Nc6 15. dxc5 bxc5 16. Qd2 Rb8 17. Na4 Bxe2 18. Rxe2 c4 19. Ree1 O-O 20. h3 Kg7 21. Rab1 Rb5 22. Nc3 Rb7 23. Ne2 Qb8 24. c3 Bxa3 25. g4 hxg4 26. hxg4 Nh6 27. Bf3 Rxb2 28. Rxb2 Qxb2 29. Qe3 Be7 30. Kg2 Rh8 31. Rh1 a5 32. Ng3 a4 33. f5 gxf5 34. gxf5 Nxf5 35. Nxf5+ exf5 36. Rxh8 Kxh8 37. Qh6+ Kg8 38. Bxd5 Nxe5 39. Qf4 Nd3 40. Qg3+ Kf8 0-1


[Site "https://www.chess.com"]

[Event "Titled Tuesday Blitz May 30 Early 2023"]
[White "SashaKuzhilniy"]
[Black "Rodriguez Santiago, Jaime"]
[BlackFideId "3100898"]
[WhiteElo "2625"]
[BlackElo "2025"]
[Result "1-0"]
[Round "07"]
[TimeControl "180+2"]
[Date "2023.05.30"]
[WhiteClock "0:01:50"]
[BlackClock "0:00:18"]

1. b3 e5 2. Bb2 Nc6 3. c4 Nf6 4. e3 Bd6 5. Nc3 e4 6. Nge2 Qe7 7. Ng3 Be5 8. Qb1 d5 9. Nxd5 Nxd5 10. cxd5 Nb4 11. Bb5+ c6 12. dxc6 bxc6 13. Bc4 Bxb2 14. Qxb2 Be6 15. Qxg7 O-O-O 16. O-O h5 17. Bxe6+ Qxe6 18. Qc3 Nd5 19. Qc4 h4 20. Nxe4 Rhg8 21. f3 Kb7 22. Nc5+ 1-0


[Site "https://www.chess.com"]

[Event "Titled Tuesday Blitz May 30 Early 2023"]
[White "Goswami, Vedant"]
[Black "Miranda, Rafael"]
[WhiteFideId "5003725"]
[BlackFideId "130990"]
[WhiteElo "2011"]
[BlackElo "2204"]
[Result "0-1"]
[Round "07"]
[TimeControl "180+2"]
[Date "2023.05.30"]
[WhiteClock "0:00:05"]
[BlackClock "0:01:25"]

1. d3 e5 2. c4 Nc6 3. Nc3 f5 4. Nf3 Nf6 5. Bg5 Be7 6. e3 O-O 7. Be2 d6 8. a3 a5 9. d4 Ne4 10. Bxe7 Qxe7 11. O-O Nxc3 12. bxc3 e4 13. Nd2 a4 14. Rb1 b6 15. c5 bxc5 16. Bc4+ Kh8 17. Bd5 Bd7 18. Rb7 Rfc8 19. Nc4 Na5 20. Nxa5 Rxa5 21. Bc4 Bc6 22. Rb2 d5 23. Be2 c4 24. Rb4 Bb5 25. Qb1 c6 26. g3 g5 27. Qc1 Rf8 28. f4 exf3 29. Bxf3 Raa8 30. Bg2 Qe6 31. Qd2 Rae8 32. Re1 f4 33. e4 f3 34. Bf1 f2+ 0-1


[Site "https://www.chess.com"]

[Event "Titled Tuesday Blitz May 30 Early 2023"]
[White "Girya, Olga"]
[Black "Atoufi, Pedram"]
[WhiteFideId "4195752"]
[BlackFideId "12501654"]
[WhiteElo "2263"]
[BlackElo "2228"]
[Result "0-1"]
[Round "07"]
[TimeControl "180+2"]
[Date "2023.05.30"]
[WhiteClock "0:00:00"]
[BlackClock "0:00:17"]

1. d4 d5 2. Nf3 Nf6 3. c4 e6 4. Nc3 Nc6 5. Bg5 Bb4 6. e3 O-O 7. Qc2 Bd7 8. Bd3 Bxc3+ 9. bxc3 h6 10. Bh4 g5 11. Bg3 g4 12. Ne5 Nxe5 13. Bxe5 dxc4 14. Bxc4 b5 15. Bd3 Bc6 16. f3 Re8 17. O-O Nd7 18. Bf4 gxf3 19. gxf3 Kh8 20. e4 Qf6 21. Bg3 Rg8 22. Kh1 Rac8 23. Qf2 Qg6 24. Rg1 Qh5 25. Bf4 e5 26. dxe5 Nc5 27. Be2 Nxe4 28. Rxg8+ Rxg8 29. Qe3 Nd2 30. Rg1 Bxf3+ 31. Bxf3 Rxg1+ 32. Kxg1 Nxf3+ 33. Kf2 Nxh2 34. Qxa7 Qf3+ 35. Kg1 Qxf4 0-1


[Site "https://www.chess.com"]

[Event "Titled Tuesday Blitz May 30 Early 2023"]
[White "Karas, Marek"]
[Black "Rustemov, Alexander"]
[WhiteFideId "14928558"]
[BlackFideId "4119002"]
[WhiteElo "2233"]
[BlackElo "2810"]
[Result "0-1"]
[Round "07"]
[TimeControl "180+2"]
[Date "2023.05.30"]
[WhiteClock "0:00:00"]
[BlackClock "0:00:41"]

1. d4 g6 2. e4 Bg7 3. Nf3 c5 4. c3 Qc7 5. Be2 d6 6. O-O Nd7 7. Be3 Ngf6 8. h3 Nxe4 9. Nbd2 Nef6 10. Re1 O-O 11. Bf1 b6 12. a4 Bb7 13. a5 e6 14. a6 Bc6 15. b4 Rac8 16. bxc5 dxc5 17. dxc5 Nxc5 18. Bxc5 bxc5 19. Qc2 Nd5 20. Ne4 Qe7 21. Ra3 h6 22. Ned2 Rb8 23. Nc4 Ba8 24. Nce5 Qc7 25. Rb3 Rxb3 26. Qxb3 Rb8 27. Qc4 Nb6 28. Qg4 Bxf3 29. Nxf3 Bxc3 30. Rc1 Bg7 31. Bd3 Rc8 32. Qe4 c4 33. Bc2 Qc6 34. Qe3 c3 35. Rd1 Qb5 36. Nh4 Qg5 37. Qe4 Rc4 38. Qb7 Qxh4 39. Qxa7 Bd4 40. Rf1 Qd8 41. Qb7 Rc7 42. Qe4 Qd5 43. Qd3 Qc4 44. Qg3 Kg7 45. Ra1 Ra7 46. Qb8 Rxa6 47. Rb1 Ra2 48. Bb3 Rb2 49. Bxc4 Rxb1+ 50. Kh2 c2 51. Bd3 c1=Q 52. Bxb1 Qxb1 0-1


[Site "https://www.chess.com"]

[Event "Titled Tuesday Blitz May 30 Early 2023"]
[White "Sowul, Bartosz"]
[Black "Janik, Igor"]
[WhiteFideId "1137590"]
[BlackFideId "1159259"]
[WhiteElo "2188"]
[BlackElo "2484"]
[Result "0-1"]
[Round "07"]
[TimeControl "180+2"]
[Date "2023.05.30"]
[WhiteClock "0:00:04"]
[BlackClock "0:00:25"]

1. e4 c6 2. d4 d5 3. e5 c5 4. Nf3 Bg4 5. dxc5 e6 6. Be3 Ne7 7. c3 Nd7 8. Nbd2 Nf5 9. Bd4 Bxf3 10. Nxf3 Bxc5 11. Bxc5 Nxc5 12. Bb5+ Nd7 13. Qa4 a6 14. Bxd7+ Qxd7 15. Qxd7+ Kxd7 16. Rd1 Rhc8 17. Nd4 Ne7 18. f4 b5 19. a3 Rab8 20. h4 h5 21. Rh3 g6 22. Rhd3 a5 23. Nb3 Ra8 24. Kf2 Ke8 25. Nd4 Rab8 26. Nb3 Ra8 27. Nd4 Rcb8 28. Rc1 b4 29. cxb4 axb4 30. Ke3 Kd7 31. Rc2 bxa3 32. bxa3 Ra7 33. Rdc3 Rb1 34. g3 Rab7 35. Rd3 Re1+ 36. Kf2 Ra1 37. Rdc3 Rd1 38. Nf3 Ra7 39. Ng5 Ke8 40. Rb3 Nf5 41. Rb8+ Ke7 42. Rcb2 Nh6 43. Rh8 Ng4+ 44. Ke2 Rh1 45. Rbb8 Rh2+ 46. Kf1 Rc7 47. Rbd8 Rc1# 0-1


[Site "https://www.chess.com"]

[Event "Titled Tuesday Blitz May 30 Early 2023"]
[White "Zheenbekov, Nurgazy"]
[Black "Djordjevic, Vuk"]
[WhiteFideId "13800485"]
[BlackFideId "902098"]
[WhiteElo "1975"]
[BlackElo "2452"]
[Result "0-1"]
[Round "07"]
[TimeControl "180+2"]
[Date "2023.05.30"]
[WhiteClock "0:00:00"]
[BlackClock "0:01:07"]

1. e4 d5 2. exd5 Qxd5 3. Nc3 Qd6 4. d4 Nf6 5. Nf3 c6 6. Bc4 Be6 7. Be2 Nbd7 8. O-O g6 9. Re1 Bg7 10. Ne5 Nxe5 11. dxe5 Qxe5 12. Bc4 Qf5 13. Bxe6 fxe6 14. Qe2 Kf7 15. Ne4 Nxe4 16. Qxe4 Qxe4 17. Rxe4 Rad8 18. Re1 Rd5 19. c3 Rhd8 20. Be3 Rb5 21. Rab1 a5 22. Kf1 a4 23. a3 Rb3 24. Ke2 Rd5 25. h3 Rdb5 26. Rbd1 Rxb2+ 27. Kf3 Bxc3 28. Rf1 R2b3 29. Rd7 Rxa3 30. Rc7 Bd4 31. Rd1 Bb6 32. Rcd7 Rab3 0-1


[Site "https://www.chess.com"]

[Event "Titled Tuesday Blitz May 30 Early 2023"]
[White "Bolourchifard, Farzad"]
[Black "Kokoszczynski, Jan"]
[WhiteFideId "12510084"]
[BlackFideId "1174460"]
[WhiteElo "2317"]
[BlackElo "2139"]
[Result "1-0"]
[Round "07"]
[TimeControl "180+2"]
[Date "2023.05.30"]
[WhiteClock "0:00:21"]
[BlackClock "0:00:01"]

1. d4 Nf6 2. Nf3 e6 3. c4 d5 4. Nc3 Bb4 5. Bg5 h6 6. Bxf6 Qxf6 7. e3 O-O 8. cxd5 exd5 9. Be2 c6 10. O-O Bf5 11. Ne5 Qe7 12. Bd3 Bxd3 13. Nxd3 Bd6 14. b4 Bxb4 15. Na4 Bd6 16. Nac5 b6 17. Nb3 Nd7 18. Rc1 Rac8 19. Qd2 c5 20. dxc5 bxc5 21. Ne1 Nf6 22. Nf3 Rfd8 23. h3 Bb8 24. Qa5 Ne4 25. Rfd1 Rd7 26. Rc2 Rcd8 27. Rb1 d4 28. exd4 cxd4 29. Nbxd4 Rd5 30. Qa6 Bf4 31. Rc8 Kh7 32. Rxd8 Qxd8 33. Qd3 f5 34. Qc4 Nf6 35. Rf1 Be5 36. Nc6 Qc7 37. Ncxe5 1-0


[Site "https://www.chess.com"]

[Event "Titled Tuesday Blitz May 30 Early 2023"]
[White "brm72"]
[Black "Heinemann, Josefine"]
[BlackFideId "12900460"]
[WhiteElo "2613"]
[BlackElo "2342"]
[Result "1-0"]
[Round "07"]
[TimeControl "180+2"]
[Date "2023.05.30"]
[WhiteClock "0:00:46"]
[BlackClock "0:00:44"]

1. d4 Nf6 2. c4 e6 3. Nf3 d5 4. Nc3 c6 5. e3 Be7 6. b3 O-O 7. Bd3 b6 8. O-O Bb7 9. Bb2 Nbd7 10. Qc2 h6 11. e4 dxe4 12. Nxe4 c5 13. Rad1 Nxe4 14. Bxe4 Bxe4 15. Qxe4 Nf6 16. Qc2 cxd4 17. Nxd4 Qc7 18. h3 a6 19. Rfe1 Rfd8 20. Nf3 b5 21. Ne5 bxc4 22. Nxc4 Rxd1 23. Rxd1 Rd8 24. Bc3 Rxd1+ 25. Qxd1 Nd5 26. Be5 Qc5 27. Qg4 Bf6 28. Bxf6 Nxf6 29. Qf3 Qd4 30. Kh2 g6 31. g3 Kg7 32. Kg2 Nd5 33. h4 h5 34. Nd6 Ne3+ 35. Qxe3 Qxd6 36. Qc3+ e5 37. Qc4 f5 38. a4 Kf6 39. b4 Qe6 40. Qc5 f4 41. Qf8+ Qf7 42. Qxf7+ Kxf7 43. b5 axb5 44. axb5 Ke6 45. gxf4 exf4 46. Kf3 1-0


[Site "https://www.chess.com"]

[Event "Titled Tuesday Blitz May 30 Early 2023"]
[White "Vovk, Orest"]
[Black "MKlose11"]
[WhiteFideId "14113490"]
[WhiteElo "2215"]
[BlackElo "2606"]
[Result "0-1"]
[Round "07"]
[TimeControl "180+2"]
[Date "2023.05.30"]
[WhiteClock "0:00:45"]
[BlackClock "0:01:57"]

1. g4 g5 2. Bg2 d5 3. h4 Nf6 4. hxg5 Nxg4 5. c4 dxc4 6. Qa4+ c6 7. Qxc4 Be6 8. Qc3 Rg8 9. Rxh7 Rxg5 10. d3 Rg8 11. Rh8 Rxh8 12. Qxh8 Nd7 13. Nc3 Qb6 14. e3 O-O-O 15. Nge2 Nde5 16. Nf4 Bh6 17. Qh7 Bxf4 18. exf4 0-1


[Site "https://www.chess.com"]

[Event "Titled Tuesday Blitz May 30 Early 2023"]
[White "Dudzinski, Pawel"]
[Black "Fiorito, Francisco"]
[WhiteFideId "1117890"]
[BlackFideId "180165"]
[WhiteElo "2099"]
[BlackElo "2341"]
[Result "0-1"]
[Round "07"]
[TimeControl "180+2"]
[Date "2023.05.30"]
[WhiteClock "0:00:01"]
[BlackClock "0:00:17"]

1. e4 c5 2. Nc3 Nc6 3. g3 g6 4. Bg2 Bg7 5. d3 e5 6. Be3 d6 7. f4 Nf6 8. h3 O-O 9. fxe5 Nxe5 10. Nge2 Re8 11. O-O h6 12. b3 Nc6 13. d4 cxd4 14. Nxd4 Qe7 15. Qd2 Kh7 16. Rae1 Ne5 17. Ndb5 Rd8 18. Bxa7 Bd7 19. Bb6 Rdc8 20. Bd4 Bc6 21. a4 Ra6 22. Be3 Rd8 23. Nd4 Raa8 24. Nd5 Bxd5 25. exd5 Qd7 26. c4 Re8 27. Nb5 Ng8 28. Bd4 Rac8 29. Kh2 f5 30. Re2 Nf6 31. Rfe1 Nh5 32. Nc3 Rf8 33. Rf2 Rce8 34. Bf3 Nxf3+ 35. Rxf3 Rxe1 36. Qxe1 Bxd4 37. Ne2 Be5 38. Nf4 Bxf4 39. gxf4 Re8 40. Re3 Rxe3 41. Qxe3 Nf6 42. Qd4 Kg7 43. b4 Qxa4 44. Qb6 Qd7 45. b5 Ne4 46. Qa7 Nc5 47. b6 Qe7 48. Qb8 Qe2+ 49. Kh1 Qe7 50. Qc8 h5 51. Qc7 Kf7 52. Qc8 Nd3 53. Qh8 Qe4+ 54. Kg1 Qe3+ 55. Kh2 Qxf4+ 56. Kh1 Qf1+ 57. Kh2 Qe2+ 58. Kh1 Qe1+ 59. Kh2 Qe5+ 60. Kg1 Qxh8 0-1


[Site "https://www.chess.com"]

[Event "Titled Tuesday Blitz May 30 Early 2023"]
[White "Koutlas, Nikolaos"]
[Black "Kleiman, Jake"]
[WhiteFideId "25827138"]
[BlackFideId "2020041"]
[WhiteElo "2215"]
[BlackElo "2596"]
[Result "0-1"]
[Round "07"]
[TimeControl "180+2"]
[Date "2023.05.30"]
[WhiteClock "0:00:09"]
[BlackClock "0:00:07"]

1. Nf3 d5 2. c4 e6 3. g3 Nf6 4. Bg2 g6 5. O-O Bg7 6. Nc3 O-O 7. cxd5 exd5 8. d4 Re8 9. Ne5 c6 10. Bf4 Nfd7 11. Nf3 Nb6 12. Re1 Bf5 13. Nh4 Be6 14. e4 g5 15. exd5 cxd5 16. Bxb8 Rxb8 17. Nf3 h6 18. Ne5 Rc8 19. Qb3 Re7 20. Re2 Nc4 21. Ng6 Re8 22. Rae1 Kh7 23. Bxd5 Kxg6 24. Bxc4 Bxc4 25. Qc2+ f5 26. Rxe8 Qxe8 27. Rxe8 Rxe8 28. Qd2 Rd8 29. d5 Bxc3 30. Qxc3 Bxd5 31. Qd4 Rd7 32. Qxa7 Bc6 33. Kf1 Bf3 34. Qb6+ Kh7 35. Qb3 Rd1+ 36. Qxd1 Bxd1 37. Ke1 Bf3 38. Kd2 Kg6 39. Ke3 Bd5 40. a4 Kf6 41. Kd4 Bb3 42. a5 Ke6 43. Kc5 Kd7 44. Kb6 Bd5 45. b4 Ke6 46. b5 Ke5 47. Kc5 Bf3 48. a6 bxa6 49. bxa6 Ke4 50. a7 Kd3 51. Kd6 Ke2 52. Ke5 Kxf2 53. Kxf5 Kg2 54. Kg6 Kxh2 55. Kxh6 g4 56. Kh5 Kxg3 0-1


[Site "https://www.chess.com"]

[Event "Titled Tuesday Blitz May 30 Early 2023"]
[White "Hirneise, Jens"]
[Black "koncheto"]
[WhiteFideId "24614734"]
[WhiteElo "2345"]
[BlackElo "2594"]
[Result "1-0"]
[Round "07"]
[TimeControl "180+2"]
[Date "2023.05.30"]
[WhiteClock "0:00:23"]
[BlackClock "0:00:00"]

1. d4 Nf6 2. Bg5 Ne4 3. Bf4 d5 4. Nd2 Bf5 5. Ngf3 e6 6. e3 Nxd2 7. Qxd2 c5 8. c3 Nc6 9. Be2 Bd6 10. Bg3 O-O 11. O-O Bxg3 12. hxg3 cxd4 13. cxd4 h6 14. Rfc1 Rc8 15. Bb5 Qb6 16. Bxc6 Rxc6 17. Ne5 Rc7 18. Rxc7 Qxc7 19. Rc1 Qd6 20. Qa5 f6 21. Nf3 a6 22. Qc5 Qxc5 23. Rxc5 Rf7 24. Nd2 Rd7 25. Nb3 e5 26. Kf1 Bd3+ 27. Ke1 Kf7 28. a4 Ke6 29. Rc8 b6 30. a5 Bc4 31. Nd2 bxa5 32. Nxc4 dxc4 33. Rxc4 Rb7 34. dxe5 Rxb2 35. exf6 Kxf6 36. Rc6+ Kf7 37. Rxa6 Ra2 38. g4 Ke7 39. g3 a4 40. Kf1 Kf7 41. Kg2 Ke7 42. Kf3 Kf7 43. e4 Ra3+ 44. Kf4 Ra2 45. f3 Ke7 46. g5 hxg5+ 47. Kxg5 Kf7 48. f4 Rg2 49. g4 Ra2 50. e5 a3 51. f5 Ra1 52. Ra7+ Kf8 53. Kg6 a2 54. g5 Re1 55. Ra8+ Ke7 56. f6+ Kd7 57. Rxa2 Re4 58. fxg7 Rxe5 59. g8=Q Kc7 60. Qg7+ Kd6 61. Ra6+ Kd5 62. Ra5+ 1-0


[Site "https://www.chess.com"]

[Event "Titled Tuesday Blitz May 30 Early 2023"]
[White "Fishchuk, Vladyslav"]
[Black "Bartel, Michal"]
[WhiteFideId "34122117"]
[BlackFideId "1119257"]
[WhiteElo "2082"]
[BlackElo "2282"]
[Result "0-1"]
[Round "07"]
[TimeControl "180+2"]
[Date "2023.05.30"]
[WhiteClock "0:00:06"]
[BlackClock "0:00:24"]

1. e4 e5 2. Nf3 Nc6 3. Nc3 g6 4. d4 exd4 5. Nd5 Bg7 6. Bg5 Nce7 7. Nxd4 c6 8. Nc3 h6 9. Be3 d5 10. Be2 c5 11. Ndb5 d4 12. Bf4 Kf8 13. O-O Be6 14. Na4 b6 15. Nc7 Rc8 16. Nxe6+ fxe6 17. b3 Nf6 18. Bd3 Nc6 19. a3 e5 20. Bd2 g5 21. Nb2 Kg8 22. h4 g4 23. f3 Qd7 24. fxg4 Nxg4 25. Rf5 h5 26. Bc4+ Kh7 27. Rf7 Qe8 28. a4 Rf8 29. Rxf8 Qxf8 30. Nd3 Qf6 31. Qe2 Qxh4 32. Nf2 Qh2+ 33. Kf1 Rf8 34. Be1 Qh1# 0-1


[Site "https://www.chess.com"]

[Event "Titled Tuesday Blitz May 30 Early 2023"]
[White "Mamedov, Edgar"]
[Black "Grave, Jacob Templen"]
[WhiteFideId "13739980"]
[BlackFideId "1542656"]
[WhiteElo "2317"]
[BlackElo "2189"]
[Result "0-1"]
[Round "07"]
[TimeControl "180+2"]
[Date "2023.05.30"]
[WhiteClock "0:00:01"]
[BlackClock "0:00:02"]

1. e4 c5 2. Nf3 Nc6 3. Nc3 g6 4. Bb5 Nd4 5. Bc4 Bg7 6. O-O a6 7. a4 d6 8. h3 e6 9. d3 Ne7 10. Be3 Nec6 11. Ne1 O-O 12. Qd2 Rb8 13. Bh6 b5 14. Bxg7 Kxg7 15. axb5 axb5 16. Bb3 Nxb3 17. cxb3 Nd4 18. Qd1 b4 19. Ne2 e5 20. Nxd4 cxd4 21. Qd2 Be6 22. Ra4 Qb6 23. Nc2 Rfc8 24. Raa1 Bxb3 25. Ne1 Qb5 26. f4 f6 27. fxe5 dxe5 28. Ra7+ Rb7 29. Rxb7+ Qxb7 30. g4 h6 31. Qf2 Rc6 32. Kh2 Qd7 33. Kg3 Qe6 34. h4 Qe7 35. Qd2 Be6 36. g5 fxg5 37. hxg5 Qxg5+ 38. Qxg5 hxg5 39. Nf3 Rc2 40. Rf2 Rxf2 41. Kxf2 Kf6 42. Nd2 g4 43. Kg3 Kg5 44. b3 Bf7 45. Kf2 Kf4 46. Ke2 g5 47. Kf2 g3+ 48. Kg2 Be6 49. Nc4 Bxc4 50. dxc4 d3 51. Kf1 d2 52. Ke2 g2 0-1


[Site "https://www.chess.com"]

[Event "Titled Tuesday Blitz May 30 Early 2023"]
[White "Sharapov, Evgeny"]
[Black "Zaitsev, Alexander"]
[WhiteFideId "14103133"]
[BlackFideId "4164490"]
[WhiteElo "2367"]
[BlackElo "2373"]
[Result "0-1"]
[Round "07"]
[TimeControl "180+2"]
[Date "2023.05.30"]
[WhiteClock "0:00:05"]
[BlackClock "0:00:10"]

1. e4 c5 2. Nf3 g6 3. d4 cxd4 4. Nxd4 Bg7 5. c4 Nc6 6. Be3 Qb6 7. Nb3 Qd8 8. Nc3 Nf6 9. Be2 a5 10. a3 d6 11. O-O O-O 12. f3 a4 13. Nd2 Qa5 14. Nd5 Nd7 15. Rb1 e6 16. Nf4 Nc5 17. Kh1 Nd4 18. Nd3 e5 19. Nc1 Be6 20. Na2 Rac8 21. Nb4 f5 22. exf5 Bxf5 23. Rc1 Kh8 24. Rc3 Rce8 25. Nd5 Nxe2 26. Qxe2 e4 27. fxe4 Bxc3 28. exf5 Bg7 29. fxg6 hxg6 30. Rxf8+ Rxf8 31. h3 Qd8 32. Qg4 Qe8 33. Nf3 Ne4 34. Qh4+ Kg8 35. Ne7+ Kf7 36. Qxe4 Qxe7 37. Qd5+ Ke8 38. Bg5 Qd7 39. Nd4 Rf1+ 40. Kh2 Be5+ 41. g3 Qf7 42. Be3 Qxd5 43. cxd5 Bxd4 44. Bxd4 Rd1 45. Bc3 Rxd5 46. Kg2 Kf7 47. Kf3 Ke6 48. Ke4 Rc5 49. h4 Rc4+ 50. Kd3 b5 51. Ke3 Kf5 52. Kf3 d5 0-1


[Site "https://www.chess.com"]

[Event "Titled Tuesday Blitz May 30 Early 2023"]
[White "Shuvalov, Evgenij"]
[Black "Abdilkhair, Abilmansur"]
[WhiteFideId "4187237"]
[BlackFideId "13716417"]
[WhiteElo "2080"]
[BlackElo "2215"]
[Result "1-0"]
[Round "07"]
[TimeControl "180+2"]
[Date "2023.05.30"]
[WhiteClock "0:01:03"]
[BlackClock "0:00:00"]

1. d4 Nf6 2. c4 e6 3. Nc3 Bb4 4. f3 c5 5. d5 O-O 6. e4 d6 7. Bd3 b5 8. Ne2 bxc4 9. Bxc4 exd5 10. Bxd5 Nxd5 11. Qxd5 Qb6 12. O-O Bb7 13. Qd1 Na6 14. Nf4 Bxc3 15. bxc3 c4+ 16. Kh1 Qa5 17. Qd4 Nc5 18. Be3 Rad8 19. Nd5 Ne6 20. Qxa7 Qxa7 21. Bxa7 Bxd5 22. exd5 Nc7 23. Bb6 Rd7 24. Bxc7 Rxc7 25. Rfd1 Ra8 26. a4 Rca7 27. Rdb1 Ra5 28. Rb4 h6 29. Kg1 Rc8 30. Rb5 Rca8 31. Rxa5 Rxa5 32. Kf2 Rxd5 33. a5 Rb5 34. a6 Rb8 35. Ke3 Ra8 36. Kd4 Kf8 37. Kxc4 Ke7 38. Kb5 Kd7 39. Kb6 Rb8+ 40. Ka5 Kc6 41. a7 Rc8 42. Ka6 d5 43. Rb1 Kc7 44. Rb7+ Kc6 45. Rb8 1-0


[Site "https://www.chess.com"]

[Event "Titled Tuesday Blitz May 30 Early 2023"]
[White "Degenbaev, Aziz"]
[Black "Srebrnic, Marko"]
[WhiteFideId "13802640"]
[BlackFideId "14603616"]
[WhiteElo "2152"]
[BlackElo "2341"]
[Result "1-0"]
[Round "07"]
[TimeControl "180+2"]
[Date "2023.05.30"]
[WhiteClock "0:01:11"]
[BlackClock "0:00:13"]

1. e4 c5 2. Nf3 Nc6 3. Bb5 g6 4. O-O Bg7 5. c3 Nf6 6. Re1 O-O 7. h3 d5 8. e5 Ne8 9. d4 Bh6 10. Bxh6 Ng7 11. Nbd2 Qb6 12. Bxc6 bxc6 13. dxc5 Qxc5 14. Nb3 Qb6 15. Qd4 Qc7 16. e6 Nf5 17. exf7+ Rxf7 18. Qf4 Qb6 19. Bg5 h6 20. Bxh6 Ba6 21. Qg5 Rf6 22. Rxe7 c5 23. Re5 Rd8 24. Rae1 d4 25. Re8+ Rxe8 26. Rxe8+ Kh7 27. Bf8 dxc3 28. bxc3 Bb5 29. Rc8 Bd7 30. Ra8 Bc6 31. Qxf6 Bxa8 32. Ng5+ Kg8 33. Qf7+ Kh8 34. Qh7# 1-0


[Site "https://www.chess.com"]

[Event "Titled Tuesday Blitz May 30 Early 2023"]
[White "Golubev, Mikhail"]
[Black "Sanhueza, Cristian"]
[WhiteFideId "14100983"]
[BlackFideId "116815"]
[WhiteElo "2374"]
[BlackElo "2174"]
[Result "0-1"]
[Round "07"]
[TimeControl "180+2"]
[Date "2023.05.30"]
[WhiteClock "0:00:03"]
[BlackClock "0:01:02"]

1. e4 e5 2. Nf3 Nc6 3. Bc4 Nf6 4. d3 Bc5 5. c3 d6 6. O-O a6 7. a4 Ba7 8. Nbd2 Nh5 9. Bb3 Nf4 10. Nc4 Qf6 11. Bxf4 Qxf4 12. Nfd2 O-O 13. Kh1 Kh8 14. Ne3 Ne7 15. Qe2 Be6 16. g3 Qh6 17. f4 exf4 18. gxf4 Bxb3 19. Nxb3 f5 20. Nd2 fxe4 21. Ng4 Qh5 22. dxe4 Ng6 23. f5 Ne5 24. Rg1 Bxg1 25. Rxg1 Rae8 26. Qg2 Nxg4 27. Qxg4 Qxg4 28. Rxg4 d5 29. Kg2 dxe4 30. Nxe4 Rxf5 0-1


[Site "https://www.chess.com"]